 Dungeon Crawl Stone Soup version 0.13-a0-3016-gcb2faac (webtiles) character file.

112 4tharraofdagon the Digger (level 4, 0/33 HPs)
             Began as a Draconian Earth Elementalist on Sept 12, 2013.
             Slain by bronies4ever's ghost (14 damage)
             ... on Level 4 of the Dungeon.
             The game lasted 00:03:35 (1145 turns).

4tharraofdagon the Digger (DrEE)                    Turns: 1145, Time: 00:03:36

HP   0/33        AC  5     Str 11      XL: 4   Next: 14%
MP   5/7         EV 12     Int 16      God:
Gold 35          SH  0     Dex 11      Spells:  2 memorised,  2 levels left

Res.Fire  : . . .   See Invis. : .     - Unarmed
Res.Cold  : . . .   Warding    : .   (armour unavailable)
Life Prot.: . . .   Conserve   : .   (no shield)
Res.Poison: .       Res.Corr.  : .   (helmet restricted)
Res.Elec. : .       Clarity    : .   (no cloak)
Sust.Abil.: . .     Spirit.Shd : .   (no gloves)
Res.Mut.  : .       Stasis     : .   (no boots)
Res.Rott. : .       Flight     : .   (no amulet)
Saprovore : . . .                    (no ring)
                                     (no ring)

@: slightly resistant to hostile enchantments, unstealthy
A: unfitting armour, AC +5
a: no special abilities


You were on level 4 of the Dungeon.
You were not hungry.

You visited 1 branch of the dungeon, and saw 5 of its levels.

You collected 15 gold pieces.

Inventory:

Missiles
 b - 44 stones (quivered)
 f - a throwing net
Comestibles
 a - 3 bread rations
 h - a banana
 l - a choko
 m - a meat ration
Scrolls
 c - a scroll of magic mapping {unknown}
 e - a scroll of identify {unknown}
 g - a scroll of curse armour {unknown}
 j - a scroll of curse jewellery {unknown}
 n - a scroll of fog {unknown}
Jewellery
 i - an uncursed ring of fire {unknown}
 k - an uncursed ring of flight
Potions
 o - a potion of heal wounds
Books
 d - a book of Geomancy

   Spells                             Type                      Level
   *Sandblast                         Earth                        1
   Stoneskin                          Transmutation/Earth          2
   Passwall                           Transmutation/Earth          3
   *Stone Arrow                       Conjuration/Earth            3
   Petrify                            Transmutation/Earth          4
   Lee's Rapid Deconstruction         Earth                        5


   Skills:
 + Level 0.9 Fighting
 - Level 1.7 Dodging
 - Level 1.7 Stealth
 * Level 2.0 Unarmed Combat
 + Level 1.8 Spellcasting
   Level 1.0 Transmutations
 * Level 3.9 Earth Magic


You had 2 spell levels left.
You knew the following spells:

 Your Spells              Type           Power        Failure   Level  Hunger
a - Sandblast             Erth           ##....       6%          1    ##.....
b - Stone Arrow           Conj/Erth      #.....       34%         3    ####...


Dungeon Overview and Level Annotations

Branches:
Dungeon (5/27)
 Temple: D:4-7

Altars:

Annotations:
D:4 bronies4ever's ghost, average DjFE


Message History

The goblin is almost dead.
The goblin hits you but does no damage.
You hit the goblin.
You kill the goblin!
No target in view!
No target in view!
Bronies4ever's ghost (average Djinni Fire Elementalist) comes into view.
Bronies4ever's ghost turns its malevolent gaze towards you.
You see here 8 gold pieces.
You now have 35 gold pieces (gained 8).
Bronies4ever's ghost issues a gush of flame.
The flame misses you.
Bronies4ever's ghost issues a gush of flame.
The flame hits you!
One of your 2 scrolls labeled ETHRIDI SKESMUCS catches fire!
Unknown command.
Unknown command.
Bronies4ever's ghost hits you but does no damage.
You are electrocuted!
You die...

.. .#
###########.##
#............###
#.......(....'>#
#.....p......#
#......@.....#
#............#
+............#
#.)..........#
#............#
#####'########
#..#### ##....#
####.#


You could see bronies4ever's ghost.

Vanquished Creatures
  A giant frog zombie (D:5)
  A hound skeleton (D:5)
  2 giant geckos
  2 oozes
  An orc (D:5)
  3 giant cockroaches
  5 goblins
  A hobgoblin (D:2)
  5 kobolds
  4 bats
  A giant newt (D:1)
  3 rats
29 creatures vanquished.

Notes
Turn   | Place    | Note
--------------------------------------------------------------
     0 | D:1      | 4tharraofdagon, the Draconian Earth Elementalist, began the quest for the Orb.
     0 | D:1      | Reached XP level 1. HP: 14/14 MP: 3/3
   241 | D:1      | Reached skill level 1 in Unarmed Combat
   246 | D:1      | Reached XP level 2. HP: 18/20 MP: 1/4
   880 | D:3      | Noticed an ogre
   894 | D:5      | Entered Level 5 of the Dungeon
   903 | D:5      | Reached XP level 3. HP: 14/26 MP: 1/6
   908 | D:5      | Learned a level 3 spell: Stone Arrow
  1073 | D:5      | Reached XP level 4. HP: 31/33 MP: 2/7
  1137 | D:4      | Noticed bronies4ever's ghost (average DjFE)
  1145 | D:4      | Slain by bronies4ever's ghost

Action                   |  1- 3 |  4- 6 || total
-------------------------+-------+-------++-------
Melee: Unarmed           |   116 |    22 ||   138
 Cast: Sandblast         |    13 |     5 ||    18
  Use: Potion            |     3 |       ||     3
